 Dungeon Crawl Stone Soup version 0.27.1-33-g824d729ab1 (webtiles) character file.

Game seed: 12659971251558025774

1366 Nixze the Magician (level 8, -1/37 (46) HPs)
             Began as a Deep Elf Venom Mage on Dec 28, 2021.
             Was an Initiate of Dithmenos.
             Slain by a necrophage (3 damage)
             ... on level 6 of the Dungeon.
             The game lasted 00:20:31 (8177 turns).

Nixze the Magician (Deep Elf Venom Mage)            Turns: 8177, Time: 00:20:32

HP:   -1/37 (46)    AC:  3    Str:  5    XL:     8   Next: 38%
MP:   6/18          EV: 12    Int: 23    God:    Dithmenos [......]
Gold: 208           SH:  5    Dex: 15    Spells: 3/17 levels left

rFire    . . .     SeeInvis .   e - +1 dagger (vamp)
rCold    + . .     Faith    .   (no shield)
rNeg     . . .     Spirit   .   n - +0 leather armour
rPois    .         Reflect  +   (no helmet)
rElec    .         Harm     .   (no cloak)
rCorr    .         Rampage  .   (no gloves)
Will     .....                  (no boots)
Stlth    ++........             q - amulet of reflection
HPRegen  0.12/turn              b - ring of protection from cold
MPRegen  0.16/turn              (no ring)

@: heavily drained
A: no striking features
a: Renounce Religion


You were on level 6 of the Dungeon.
You worshipped Dithmenos.
Dithmenos was noncommittal.
You visited 1 branch of the dungeon, and saw 6 of its levels.

You collected 208 gold pieces.

Inventory:

Hand Weapons
 e - a +1 vampiric dagger (weapon)
Missiles
 c - 202 stones (quivered)
 i - 5 atropa-tipped darts
Armour
 a - a +0 robe
 n - a +0 leather armour (worn)
Jewellery
 b - a ring of protection from cold (left hand)
 q - an amulet of reflection (around neck)
Scrolls
 g - 3 scrolls of blinking
 h - 2 scrolls of brand weapon
 j - 2 scrolls of magic mapping {unknown}
 m - 3 scrolls of teleportation
 p - a scroll of holy word {unknown}
Potions
 d - a potion of attraction
 f - a potion of brilliance
 k - a potion of lignification
 l - a potion of curing
 o - a potion of flight
 r - a potion of might


   Skills:
 - Level 3.0 Fighting
 - Level 4.0 Dodging
 - Level 4.0 Stealth
 + Level 5.4 Spellcasting
 - Level 3.0 Conjurations
 + Level 1.5 Necromancy
 - Level 4.0 Transmutations
 - Level 3.0 Air Magic
 + Level 1.3 Earth Magic
 - Level 4.0 Poison Magic
 - Level 5.0 Evocations


You had 3 spell levels left.
You knew the following spells:

 Your Spells              Type           Power      Damage    Failure   Level
a - Sting                 Tmut/Pois      96%        1d7       3%          1
b - Poisonous Vapours     Pois/Air       44%        N/A       5%          2
c - Mephitic Cloud        Conj/Pois/Air  21%        N/A       12%         3
d - Olgreb's Toxic Radia  Pois           24%        N/A       28%         4
e - Animate Dead          Necr           6%         N/A       61%         4

Your spell library contained the following spells:

 Spells                   Type           Power      Damage    Failure   Level
 Inner Flame              Hex/Fire       6%         N/A       41%         3
 Cause Fear               Hex            3%         N/A       83%         4
 Borgnjor's Vile Clutch   Necr/Erth      6%         N/A       93%         5
 Death Channel            Necr           6%         N/A       100%        6
 Discord                  Hex            3%         N/A       100%        8


Dungeon Overview and Level Annotations

Branches:
Dungeon (6/15)
 Temple: D:4-7

Altars:
Dithmenos
Okawaru
Qazlal

Annotations:
D:4 2 transporters, Cykl0x's ghost, amateur GrGl
D:5 1 runed translucent door, Menkaure; kalagan's ghost, novice DECj


Message History

The sting hits the necrophage.
The necrophage partially resists.
The necrophage is heavily damaged.
The necrophage barely misses you.
Casting: Sting (safe; 3% risk of failure)
Confirm with . or Enter, or press ? or * to list all spells.
Aiming: Sting (safe; 3% risk of failure)
Press: ? - help, Shift-Dir - straight line, f/p - necrophage
Aim: a necrophage (heavily damaged, 76% to hit)
The sting hits the necrophage.
The necrophage partially resists.
The necrophage is heavily damaged.
You block the necrophage's attack.
Casting: Sting (safe; 3% risk of failure)
Confirm with . or Enter, or press ? or * to list all spells.
Aiming: Sting (safe; 3% risk of failure)
Press: ? - help, Shift-Dir - straight line, f/p - necrophage
Aim: a necrophage (heavily damaged, 76% to hit)
The sting hits the necrophage.
The necrophage partially resists.
The necrophage is heavily damaged.
The necrophage hits you.
You feel drained.
Casting: Sting (safe; 3% risk of failure)
Confirm with . or Enter, or press ? or * to list all spells.
Aiming: Sting (safe; 3% risk of failure)
Press: ? - help, Shift-Dir - straight line, f/p - necrophage
Aim: a necrophage (heavily damaged, 76% to hit)
The sting hits the necrophage.
The necrophage partially resists.
The necrophage is severely damaged.
The necrophage hits you!
* * * LOW HITPOINT WARNING * * *
You feel drained.
* * * LOW HITPOINT WARNING * * *
You completely miss the necrophage.
The necrophage is severely damaged.
The necrophage hits you!
* * * LOW HITPOINT WARNING * * *
You feel drained.
* * * LOW HITPOINT WARNING * * *
The necrophage barely misses you.
Your magical contamination has completely faded away.
The necrophage hits you.
You die...

#>. #.#.# #.#(# #.#(#
#.#.# ### ##<#.## #
....#.....########.#
#.....n..........####
####..@#.####.........
..........# #.#######.
.#####.#### #.# #. #.#
.. #.# .## ######>###
. #........# #
#.####.#.# #
##.####.#.# #


You could see a necrophage.

Vanquished Creatures
  Grinder (D:3)
  Edmund (D:5)
  4 necrophages
  2 ogres
  A centaur (D:5)
  3 scorpions
  A centaur zombie (D:4)
  An orc priest (D:4)
  Jessica (D:3)
  2 iguanas (D:4)
  Natasha (twice) (D:3)
  A gnoll (D:4)
  4 adders
  A white imp (D:5)
  A worm (D:3)
  A dart slug (D:1)
  3 orcs
  7 ball pythons
  6 bats
  4 endoplasms
  4 giant cockroaches
  8 goblins
  5 hobgoblins
  4 jackals (D:1)
  2 quokkas
  2 frilled lizards (D:1)
  5 kobolds
  4 rats
81 creatures vanquished.

Notes
Turn   | Place    | Note
-------+----------+-------------------------------------------
     0 | D:1      | Nixze the Deep Elf Venom Mage began the quest for the Orb.
     0 | D:1      | Reached XP level 1. HP: 10/10 MP: 6/6
   560 | D:1      | Reached XP level 2. HP: 16/16 MP: 5/8
   621 | D:1      | Found a faded altar of an unknown god.
   696 | D:1      | Reached skill level 1 in Fighting
   994 | D:1      | Learned a level 2 spell: Poisonous Vapours
  1442 | D:2      | Reached XP level 3. HP: 20/20 MP: 7/9
  2523 | D:3      | Reached skill level 1 in Air Magic
  2571 | D:3      | Noticed Jessica
  2578 | D:3      | Killed Jessica
  2623 | D:3      | Reached XP level 4. HP: 25/25 MP: 4/10
  3409 | D:3      | Noticed Natasha
  3409 | D:3      | Noticed Grinder
  3442 | D:3      | Killed Natasha
  3507 | D:3      | Noticed Natasha
  3517 | D:3      | Killed Natasha
  3697 | D:3      | Reached XP level 5. HP: 31/31 MP: 7/11
  3862 | D:4      | Noticed a necrophage
  4113 | D:3      | Paralysed by Grinder for 6 turns
  4122 | D:3      | Paralysed by Grinder for 6 turns
  4136 | D:3      | Paralysed by Grinder for 5 turns
  4140 | D:3      | Killed Grinder
  4141 | D:3      | Reached XP level 6. HP: 16/37 MP: 7/14
  4320 | D:3      | Learned a level 3 spell: Mephitic Cloud
  4325 | D:3      | Learned a level 4 spell: Olgreb's Toxic Radiance
  4979 | D:4      | Found a transporter.
  4982 | D:4      | Noticed Cykl0x's ghost (amateur GrGl)
  5013 | D:4      | Found a transporter.
  5549 | D:4      | Reached XP level 7. HP: 33/41 MP: 13/15
  6036 | D:5      | Entered Level 5 of the Dungeon
  6046 | D:4      | Reached skill level 5 in Spellcasting
  6442 | D:5      | Found a runed translucent door.
  6442 | D:5      | Noticed kalagan's ghost (novice DECj)
  6493 | D:5      | Noticed Edmund
  6523 | D:4      | Reached XP level 8. HP: 38/46 MP: 2/17
  6640 | D:5      | Killed Edmund
  6969 | D:5      | Found a shadowy altar of Dithmenos.
  6978 | D:5      | Became a worshipper of Dithmenos the Shadowed
  7227 | D:5      | Noticed Menkaure
  7695 | D:6      | Learned a level 4 spell: Animate Dead
  7716 | D:6      | Reached skill level 5 in Evocations
  7829 | D:6      | Found a stormy altar of Qazlal.
  7943 | D:6      | Found an iron altar of Okawaru.
  8058 | D:6      | Reached skill level 1 in Necromancy
  8058 | D:6      | Reached skill level 1 in Earth Magic
  8170 | D:6      | HP: 1/37 [necrophage (3)]
  8177 | D:6      | Slain by a necrophage

Illustrated notes

Levels and vault maps discovered:
D:1:      enne_arrival_octagon_isle, layout_basic,
          shapermc_ecumenical_altar_pompeii, item_on_display_a
D:2:      layout_basic
D:3:      layout_basic, eino_tiny_chamber, chequers_serial_rivers_micro_b,
          uniq_natasha, uniq_jessica, uniq_grinder
D:4:      layout_basic, gammafunk_ghost_smash, grunt_decor_arrowhead,
          grunt_tough_drop
D:5:      layout_rooms, nicolae_dithmenos_the_darkroom,
          hellmonk_ghost_happy_afterlife, serial_rivers,
          chequers_serial_rivers_micro_e, chequers_serial_rivers_small_a,
          chequers_serial_rivers_small_3, chequers_serial_rivers_micro_e,
          uniq_menkaure, uniq_edmund
D:6:      layout_loops_ring, okawaru_altar_gauntlet_db,
          mainiacjoe_overflow_alcove_2, lemuel_round_altar, minitemple,
          temple_pool_b

Skill      XL: |  1  2  3  4  5  6  7  8 |
---------------+-------------------------+-----
Transmutations | 2 4 |  4.0
Fighting       | 1 2 3 |  3.0
Stealth        | 3 4 |  4.0
Dodging        | 3 4 |  4.0
Air Magic      | 2 3 |  3.0
Spellcasting   | 4 5 |  5.4
Conjurations   | 2 3 |  3.0
Poison Magic   | 4 |  4.0
Evocations     | 3 4 5 |  5.0
Necromancy     | 1 |  1.5
Earth Magic    | 1 |  1.3

Action                   |  1- 3 |  4- 6 |  7- 9 || total
-------------------------+-------+-------+-------++-------
Melee: Dagger            |    10 |    33 |    15 ||    58
       Club              |     1 |       |       ||     1
Throw: Stone             |    13 |     4 |     6 ||    23
 Cast: Sting             |    45 |    60 |    54 ||   159
       Poisonous Vapours |    13 |    21 |    37 ||    71
       Mephitic Cloud    |       |       |     5 ||     5
       Olgreb's Toxic Ra |       |       |     1 ||     1
Evoke: Wand              |       |     5 |     5 ||    10
  Use: Potion            |       |     3 |       ||     3
       Scroll            |       |       |     8 ||     8
 Stab: Paralysed         |       |     7 |     5 ||    12
Armor: Robe              |     2 |    10 |       ||    12
Dodge: Dodged            |    18 |    36 |    18 ||    72
Block: Other             |       |       |     7 ||     7
       Reflection        |       |       |     2 ||     2
